 Dungeon Crawl Stone Soup version 0.28.0 (webtiles) character file.

Game seed: 18029447615907794155

153 themarg the Vandal (level 5, -4/30 (43) HPs)
             Began as a Gnoll Wanderer on Feb 5, 2022.
             Was a Follower of Qazlal.
             Slain by Edmund (9 damage)
             ... on level 4 of the Dungeon.
             The game lasted 00:17:12 (4399 turns).

themarg the Vandal (Gnoll Wanderer)                 Turns: 4399, Time: 00:17:12

HP:   -4/30 (43)    AC: 13    Str: 10    XL:     5   Next: 35%
MP:   7/7           EV:  8    Int: 13    God:    Qazlal [*.....]
Gold: 62            SH:  2    Dex: 13    Spells: 5/6 levels left

rFire   . . .      SeeInvis .   l - +0 hand axe
rCold   . . .      Faith    .   (no shield)
rNeg    . . .      Spirit   .   w - +0 scale mail
rPois   .          Reflect  .   (no helmet)
rElec   .          Harm     .   (no cloak)
rCorr   .          Rampage  .   t - +2 pair of gloves
Will    .....                   y - +2 pair of boots
Stlth   ..........              (no amulet)
HPRegen 0.10/turn               (no ring)
MPRegen 0.10/turn               (no ring)

@: attractive, very heavily drained
A: fangs 1, strong nose, distributed training
a: Renounce Religion


You were on level 4 of the Dungeon.
You worshipped Qazlal.
Qazlal was aware of your devotion.
You visited 1 branch of the dungeon, and saw 4 of its levels.

You collected 62 gold pieces.

Inventory:

Hand Weapons
 a - a +0 vorpal hunting sling
 h - a +0 dagger
 l - a +0 hand axe (weapon)
Missiles
 b - 52 sling bullets
 g - 147 stones (quivered)
Armour
 e - a +0 robe
 f - a +0 ring mail
 t - a +2 pair of gloves (worn)
 w - a +0 scale mail (worn)
 y - a +2 pair of boots (worn)
Jewellery
 m - a ring of willpower
 x - a +4 ring of evasion
Wands
 u - a wand of digging (4)
Scrolls
 c - a scroll of brand weapon {unknown}
 i - a scroll of enchant weapon {unknown}
 j - 2 scrolls of identify {unknown}
 k - 3 scrolls of immolation {unknown}
 o - a scroll of noise {unknown}
 r - a scroll of torment {unknown}
 s - a scroll of teleportation {unknown}
 v - a scroll of enchant armour {unknown}
 A - a scroll of fog {unknown}
Potions
 n - 3 potions of heal wounds {unknown}
 p - a potion of might {unknown}
 z - a potion of magic {unknown}
Miscellaneous
 d - a piece from Xom's chessboard (15/15)


   Skills:
 + Level 4.8 Fighting
 + Level 1.4 Short Blades
 + Level 1.4 Long Blades
 + Level 1.4 Axes
 + Level 1.4 Maces & Flails
 + Level 1.4 Polearms
 + Level 1.4 Staves
 + Level 6.7 Slings
 + Level 1.4 Bows
 + Level 1.4 Crossbows
 + Level 1.4 Throwing
 + Level 4.8 Armour
 + Level 1.4 Dodging
 + Level 1.4 Stealth
 + Level 1.4 Shields
 + Level 3.0 Unarmed Combat
 + Level 1.4 Spellcasting
 + Level 1.1 Conjurations
 + Level 1.1 Hexes
 + Level 1.1 Summonings
 + Level 1.1 Necromancy
 + Level 1.1 Translocations
 + Level 1.1 Transmutations
 + Level 1.1 Fire Magic
 + Level 1.1 Ice Magic
 + Level 1.1 Air Magic
 + Level 1.1 Earth Magic
 + Level 1.1 Poison Magic
 + Level 1.6 Invocations
 + Level 4.8 Evocations


You had 5 spell levels left.
You knew the following spells:

 Your Spells              Type           Power      Damage    Failure   Level
a - Magic Dart            Conj           16%        1d3       69%         1

Your spell library contained the following spells:

 Spells                   Type           Power      Damage    Failure   Level
 Corpse Rot               Necr/Air       8%         N/A       83%         2
 Poisonous Vapours        Pois/Air       8%         N/A       83%         2
 Searing Ray              Conj           8%         2d4       83%         2
 Fulminant Prism          Conj/Hex       2%         3d6       100%        4


Dungeon Overview and Level Annotations

Branches:
Dungeon (4/15)
 Temple: D:4-7

Altars:
Qazlal

Annotations:
D:4 1 runed translucent door, Edmund


Innate Abilities, Weirdness & Mutations

You have very sharp teeth.
Your uncanny sense of smell can sniff out nearby items.
Your experience applies equally to all skills.


Message History

Edmund shouts!
Cleave: l) +0 hand axe
Press: ? - help, Dir - move target Your weapon can't reach that far!
Okay, then.
Edmund says, "A flail is better than a scythe, any day of the week!"
Edmund hits you but does no damage.
You feel drained.
You closely miss Edmund.
Edmund hits you with a +3 flail of draining.
You feel drained.
You hit Edmund but do no damage.
Edmund hits you with a +3 flail of draining!
You feel drained.
You hit Edmund.
Edmund is lightly wounded.
Edmund hits you with a +3 flail of draining!
You feel drained.
Edmund hits you with a +3 flail of draining!
* * * LOW HITPOINT WARNING * * *
You feel drained.
* * * LOW HITPOINT WARNING * * *
Edmund says, "I might not be good at magic, but I can still kill you!"
It was a potion of attraction.
You feel attractive to monsters.
Okay, then.
Edmund hits you but does no damage.
You feel drained.
Edmund hits you with a +3 flail of draining.
* * * LOW HITPOINT WARNING * * *
You feel drained. Edmund is attracted toward you.
Edmund hits you with a +3 flail of draining.
* * * LOW HITPOINT WARNING * * *
You feel drained.
* * * LOW HITPOINT WARNING * * *
Unknown command.
Edmund is attracted toward you. Edmund hits you but does no damage.
You feel drained. Edmund is attracted toward you.
Edmund hits you with a +3 flail of draining!
You die...

...........###....###..#####.....
............###..[###..#!$[#.....
..#..........##....##..#(($#.....
###..........###....#..#[[/#.....
..#............#...<...#####.....
.................................
.................................
#..........####.....###....##....
##.......### #.@..## ##... ##...
#.......## ##@....# ##. ##..
#...##...####......#
#..####...##...##..# ##..#
##......## #..# #..## ##...###
...# #..# ##..## ....#
#..######...# ......
.....##.....## #...


You could see Edmund.

Vanquished Creatures
  A hound (D:4)
  An orc wizard (D:4)
  2 adders (D:2)
  A worm (D:3)
  2 dart slugs
  4 orcs (D:4)
  9 endoplasms
  3 giant cockroaches
  6 goblins
  9 hobgoblins
  7 kobolds
  2 quokkas
  3 ball pythons
  5 bats
  4 frilled lizards
  5 rats
64 creatures vanquished.

Vanquished Creatures (others)
  A plant (D:4)
1 creature vanquished.

Grand Total: 65 creatures vanquished

Notes
Turn   | Place    | Note
-------+----------+-------------------------------------------
     0 | D:1      | themarg the Gnoll Wanderer began the quest for the Orb.
     0 | D:1      | themarg set off with the following items: a +0 vorpal
                  | hunting sling, 18 sling bullets, a potion of curing, a
                  | piece from Xom's chessboard (15/15), a +0 robe
     0 | D:1      | Reached XP level 1. HP: 20/20 MP: 1/1
   337 | D:1      | Reached XP level 2. HP: 15/26 MP: 2/2
  1011 | D:1      | Reached XP level 3. HP: 31/31 MP: 3/3
  1662 | D:2      | HP: 1/31 [poisoned by an adder]
  1671 | D:2      | Reached skill level 1 in Invocations
  2209 | D:2      | Learned a level 1 spell: Magic Dart
  2237 | D:2      | Reached skill level 1 in Short Blades
  2237 | D:2      | Reached skill level 1 in Long Blades
  2237 | D:2      | Reached skill level 1 in Axes
  2237 | D:2      | Reached skill level 1 in Maces & Flails
  2237 | D:2      | Reached skill level 1 in Polearms
  2237 | D:2      | Reached skill level 1 in Staves
  2237 | D:2      | Reached skill level 1 in Bows
  2237 | D:2      | Reached skill level 1 in Crossbows
  2237 | D:2      | Reached skill level 1 in Throwing
  2237 | D:2      | Reached skill level 1 in Dodging
  2237 | D:2      | Reached skill level 1 in Stealth
  2237 | D:2      | Reached skill level 1 in Shields
  2237 | D:2      | Reached skill level 1 in Spellcasting
  2258 | D:2      | Reached XP level 4. HP: 36/38 MP: 5/5
  3383 | D:3      | Found a faded altar of an unknown god.
  3390 | D:3      | Prayed at the altar of an unknown god.
  3390 | D:3      | Became a worshipper of Qazlal Stormbringer
  3390 | D:3      | Reached * piety under Qazlal
  3550 | D:4      | Reached skill level 1 in Conjurations
  3550 | D:4      | Reached skill level 1 in Hexes
  3550 | D:4      | Reached skill level 1 in Summonings
  3550 | D:4      | Reached skill level 1 in Necromancy
  3550 | D:4      | Reached skill level 1 in Translocations
  3550 | D:4      | Reached skill level 1 in Transmutations
  3550 | D:4      | Reached skill level 1 in Fire Magic
  3550 | D:4      | Reached skill level 1 in Ice Magic
  3550 | D:4      | Reached skill level 1 in Air Magic
  3550 | D:4      | Reached skill level 1 in Earth Magic
  3550 | D:4      | Reached skill level 1 in Poison Magic
  3686 | D:4      | Noticed a bullfrog
  3689 | D:4      | Found a runed translucent door.
  3800 | D:4      | Reached XP level 5. HP: 25/43 MP: 5/7
  4350 | D:4      | Noticed Edmund
  4399 | D:4      | Slain by Edmund

Illustrated notes

Levels and vault maps discovered:
D:1:      saegor_arrival_simple_a, layout_basic, chequers_serial_rivers_marsh
D:2:      layout_loops_cross
D:3:      layout_basic, dilly_ecumenical_altar_fadedgnrine,
          minmay_misc_feat_hallway, minivault_27
D:4:      layout_layer_cave, serial_glass, glass_columns_b, glass_columns_b,
          glass_columns_a, glass_columns_a, due_unseen_surprise,
          minmay_strange_pillars, ebering_ghost_sewer_d, serial_bayou_ford_a,
          uniq_edmund

Skill      XL: |  1  2  3  4  5 |
---------------+----------------+-----
Invocations    | 1 |  1.6
Short Blades   | 1 |  1.4
Long Blades    | 1 |  1.4
Axes           | 1 |  1.4
Maces & Flails | 1 |  1.4
Polearms       | 1 |  1.4
Staves         | 1 |  1.4
Bows           | 1 |  1.4
Crossbows      | 1 |  1.4
Throwing       | 1 |  1.4
Dodging        | 1 |  1.4
Stealth        | 1 |  1.4
Shields        | 1 |  1.4
Spellcasting   | 1 |  1.4
Conjurations   | 1 |  1.1
Hexes          | 1 |  1.1
Summonings     | 1 |  1.1
Necromancy     | 1 |  1.1
Translocations | 1 |  1.1
Transmutations | 1 |  1.1
Fire Magic     | 1 |  1.1
Ice Magic      | 1 |  1.1
Air Magic      | 1 |  1.1
Earth Magic    | 1 |  1.1
Poison Magic   | 1 |  1.1
Unarmed Combat | 3 |  3.0
Fighting       | |  4.8
Slings         | |  6.7
Armour         | |  4.8
Evocations     | |  4.8

Action                   |  1- 3 |  4- 6 || total
-------------------------+-------+-------++-------
Melee: Dagger            |    86 |       ||    86
       Punch             |     4 |     2 ||     6
       Bite              |    18 |    15 ||    33
       Hand axe          |    79 |   115 ||   194
 Fire: Hunting sling     |    10 |       ||    10
  Use: Potion            |     1 |     1 ||     2
Armor: Ring mail         |    96 |    29 ||   125
       Robe              |     1 |       ||     1
       Scale mail        |       |    32 ||    32
Dodge: Dodged            |   101 |    37 ||   138
Block: Other             |       |     5 ||     5
